APP
CLEVELAND (APP) INDIANS @ GREAT FALLS VOYAGERS
08/09/2045
 
TOP OF THE 1ST
Cleveland (APP) Indians batting - Pitching for Great Falls Voyagers : LHP Matt Donnelly
Pitching: LHP Matt Donnelly
Batting: RHB Christian Blue 0-0: Ball
1-0: Called Strike
1-1: SOLO HOME RUN (Flyball, 9D, EV 98.1 MPH), Distance : 372 ft
Batting: LHB John Harring 0-0: Foul Ball, location: 2F
0-1: Ball
1-1: SINGLE (Groundball, 4MD, EV 96.2 MPH)
Batting: LHB Justin Rankin 0-0: Ball
1-0: SINGLE (Groundball, 34D, EV 107.5 MPH)
John Harring to second
Runner from 2nd tries for 3rd, SAFE, throw by RF made to third
Batting: RHB Greg Harden 0-0: Ball
1-0: Ball
2-0: SINGLE (Flyball, 34D, EV 90.0 MPH)
John Harring scores
Justin Rankin to second
Batting: RHB Jeremy Givens 0-0: Ball
1-0: Ball
2-0: SINGLE (Groundball, 6M, EV 84.4 MPH) (infield hit)
Justin Rankin to third
Greg Harden to second
Batting: RHB Juan Gallardo 0-0: Called Strike
0-1: Grounds into double play, 5-4-3 (Groundball, 56, EV 86.2 MPH)
Justin Rankin scores
Greg Harden to third
Batting: RHB David Schweitzer 0-0: Foul Ball, location: 2F
0-1: Ball
1-1: Fly out, F8 (Flyball, 8RXD, EV 94.4 MPH)
Top of the 1st over - 3 runs, 5 hits, 0 errors, 1 left on base; Cleveland (APP) 3 - Great Falls 0
BOTTOM OF THE 1ST
Great Falls Voyagers batting - Pitching for Cleveland (APP) Indians : RHP Eugene Stott
Pitching: RHP Eugene Stott
Batting: RHB Andy Cotton 0-0: Hit by Pitch
Batting: RHB David Rhodes 0-0: Ball
Passed Ball!
Andy Cotton to second
1-0: Ball
2-0: Foul Ball, location: 2F
2-1: Swinging Strike
Passed Ball!
Andy Cotton to third
2-2: Ground out 3-1 (Groundball, 34, EV 103.1 MPH)
Andy Cotton scores
Batting: LHB James Groshong 0-0: Ball
1-0: Ball
2-0: Ball
3-0: Base on Balls
Batting: LHB Jason Bell 0-0: Ball
James Groshong steals 2nd, throwing error, E2
James Groshong to third
1-0: Ball
2-0: Ball
Passed Ball!
James Groshong scores
3-0: Called Strike
3-1: Foul Ball, location: 2F
3-2: Foul Ball, location: 2F
3-2: Foul Ball, location: 2F
3-2: Base on Balls
Batting: LHB Jose Duran 0-0: Ball
Wild Pitch!
Jason Bell to second
1-0: SINGLE (Groundball, 3D, EV 100.0 MPH)
Jason Bell to third
Batting: RHB Mike Rosa 0-0: Ball
1-0: Called Strike
1-1: Foul Ball, location: 2F
1-2: Foul Ball, location: 2F
1-2: Grounds into double play, 4-6-3 (Groundball, 34, EV 104.4 MPH)
Bottom of the 1st over - 2 runs, 1 hit, 1 error, 1 left on base; Cleveland (APP) 3 - Great Falls 2
TOP OF THE 2ND
Cleveland (APP) Indians batting - Pitching for Great Falls Voyagers : LHP Matt Donnelly
Batting: RHB Matt Thompson 0-0: Called Strike
0-1: Called Strike
0-2: Foul Ball, location: 2F
0-2: Strikes out swinging
Batting: RHB Luis Roman 0-0: Called Strike
0-1: Ball
1-1: Swinging Strike
1-2: Strikes out swinging
Batting: RHB Christian Blue 0-0: Ground out 4-3 (Groundball, 4, EV 84.4 MPH)
Top of the 2nd over - 0 runs, 0 hits, 0 errors, 0 left on base; Cleveland (APP) 3 - Great Falls 2
BOTTOM OF THE 2ND
Great Falls Voyagers batting - Pitching for Cleveland (APP) Indians : RHP Eugene Stott
Batting: RHB Bill Williams 0-0: Ball
1-0: Ball
2-0: Called Strike
2-1: Fly out, F7 (Flyball, 7, EV 85.0 MPH)
Batting: RHB Billy Grubbs 0-0: Ball
1-0: Called Strike
1-1: Foul Ball, location: 2F
1-2: Fly out, F9 (Flyball, 89M, EV 75.0 MPH)
Batting: RHB Armando Vazquez 0-0: Ball
1-0: Ball
2-0: Called Strike
2-1: Ball
3-1: Base on Balls
Batting: RHB Andy Cotton 0-0: Ball
Armando Vazquez is caught stealing 2nd base 2-4
Bottom of the 2nd over - 0 runs, 0 hits, 0 errors, 0 left on base; Cleveland (APP) 3 - Great Falls 2
TOP OF THE 3RD
Cleveland (APP) Indians batting - Pitching for Great Falls Voyagers : LHP Matt Donnelly
Batting: LHB John Harring 0-0: Ball
1-0: Swinging Strike
1-1: Ball
2-1: Foul Ball, location: 2F
2-2: Ball
3-2: Ground out 6-3 (Groundball, 6M, EV 105.6 MPH)
Batting: LHB Justin Rankin 0-0: Called Strike
0-1: Swinging Strike
0-2: SINGLE (Line Drive, 56D, EV 106.2 MPH)
Batting: RHB Greg Harden 0-0: Called Strike
0-1: Ball
Justin Rankin steals 2nd base
1-1: Ground out 4-3 (Groundball, 6MD, EV 103.1 MPH)
Justin Rankin to third
Batting: RHB Jeremy Givens 0-0: Ground out 5-3 (Groundball, 56S, EV 88.1 MPH)
Top of the 3rd over - 0 runs, 1 hit, 0 errors, 1 left on base; Cleveland (APP) 3 - Great Falls 2
BOTTOM OF THE 3RD
Great Falls Voyagers batting - Pitching for Cleveland (APP) Indians : RHP Eugene Stott
Batting: RHB Andy Cotton 0-0: Ball
1-0: Ball
2-0: Ball
3-0: Base on Balls
Batting: RHB David Rhodes 0-0: Foul Ball, location: 2F
0-1: Ball
1-1: Fly out, F8 (Flyball, 8LD, EV 103.8 MPH)
Batting: LHB James Groshong 0-0: Ball
Passed Ball!
Andy Cotton to second
1-0: Called Strike
1-1: Ball
2-1: Foul Ball, location: 2F
2-2: Strikes out swinging
Batting: LHB Jason Bell 0-0: Ball
1-0: Called Strike
1-1: Swinging Strike
1-2: Ball
2-2: Strikes out swinging
Bottom of the 3rd over - 0 runs, 0 hits, 0 errors, 1 left on base; Cleveland (APP) 3 - Great Falls 2
TOP OF THE 4TH
Cleveland (APP) Indians batting - Pitching for Great Falls Voyagers : LHP Matt Donnelly
Batting: RHB Juan Gallardo 0-0: Swinging Strike
0-1: Fly out, F8 (Flyball, 8LD, EV 91.9 MPH)
Batting: RHB David Schweitzer 0-0: Ball
1-0: Called Strike
1-1: SOLO HOME RUN (Flyball, 78XD, EV 99.4 MPH), Distance : 416 ft
Batting: RHB Matt Thompson 0-0: Ball
1-0: Foul Ball, location: 2F
1-1: Swinging Strike
1-2: Strikes out swinging
Batting: RHB Luis Roman 0-0: Ball
1-0: Ground out 4-3 (Groundball, 34, EV 86.9 MPH)
Top of the 4th over - 1 run, 1 hit, 0 errors, 0 left on base; Cleveland (APP) 4 - Great Falls 2
BOTTOM OF THE 4TH
Great Falls Voyagers batting - Pitching for Cleveland (APP) Indians : RHP Eugene Stott
Batting: LHB Jose Duran 0-0: Swinging Strike
0-1: Ball
1-1: Foul Ball, location: 2F
1-2: Foul Ball, location: 2F
1-2: Ground out 6-3 (Groundball, 6, EV 80.6 MPH)
Batting: RHB Mike Rosa 0-0: Called Strike
0-1: Ball
1-1: Foul Ball, location: 2F
1-2: Strikes out swinging
Batting: RHB Bill Williams 0-0: Ball
1-0: Ball
2-0: Ground out 6-3 (Groundball, 56D, EV 82.5 MPH)
Bottom of the 4th over - 0 runs, 0 hits, 0 errors, 0 left on base; Cleveland (APP) 4 - Great Falls 2
TOP OF THE 5TH
Cleveland (APP) Indians batting - Pitching for Great Falls Voyagers : LHP Matt Donnelly
Batting: RHB Christian Blue 0-0: Ground out 5-3 (Groundball, 56, EV 106.2 MPH)
Batting: LHB John Harring 0-0: Ball
1-0: Called Strike
1-1: SINGLE (Groundball, 6MS, EV 70.6 MPH) (infield hit)
Batting: LHB Justin Rankin 0-0: Ball
John Harring is caught stealing 2nd base 2-6
1-0: Foul Ball, location: 2F
1-1: Swinging Strike
1-2: Ball
2-2: Foul Ball, location: 2F
2-2: Ground out U3 (Groundball, 34S, EV 80.0 MPH)
Top of the 5th over - 0 runs, 1 hit, 0 errors, 0 left on base; Cleveland (APP) 4 - Great Falls 2
BOTTOM OF THE 5TH
Great Falls Voyagers batting - Pitching for Cleveland (APP) Indians : RHP Eugene Stott
Batting: RHB Billy Grubbs 0-0: Called Strike
0-1: Called Strike
0-2: Ball
1-2: Strikes out swinging wild pitch, reaches first!
Batting: RHB Armando Vazquez 0-0: Called Strike
0-1: Ball
Passed Ball!
Billy Grubbs to second
1-1: Ground out 4-3 (Groundball, 4, EV 108.8 MPH)
Billy Grubbs to third
Batting: RHB Andy Cotton 0-0: Ball
1-0: Foul Ball, location: 2F
1-1: Ball
2-1: Ball
3-1: Base on Balls
Batting: RHB David Rhodes 0-0: Called Strike
Andy Cotton steals 2nd base
0-1: Ground out 3-1 (Groundball, 34D, EV 103.8 MPH)
Billy Grubbs scores
Andy Cotton to third
Batting: LHB James Groshong 0-0: Ball
1-0: Called Strike
1-1: Foul Ball, location: 2F
1-2: Foul Ball, location: 2F
1-2: Ball
2-2: Foul Ball, location: 2F
2-2: Strikes out looking
Bottom of the 5th over - 1 run, 0 hits, 0 errors, 1 left on base; Cleveland (APP) 4 - Great Falls 3
TOP OF THE 6TH
Cleveland (APP) Indians batting - Pitching for Great Falls Voyagers : LHP Matt Donnelly
Batting: RHB Greg Harden 0-0: Ball
1-0: Ball
2-0: Foul Ball, location: 2F
2-1: Swinging Strike
2-2: Foul Ball, location: 2F
2-2: Ball
3-2: Strikes out looking
Batting: RHB Jeremy Givens 0-0: Swinging Strike
0-1: Ball
1-1: DOUBLE (Flyball, 89D, EV 102.5 MPH)
Batting: RHB Juan Gallardo 0-0: Called Strike
0-1: Swinging Strike
0-2: Ball
1-2: 2-RUN HOME RUN (Line Drive, 7LD, EV 95.6 MPH), Distance : 364 ft
Pitching: LHP Ray Sowers
Batting: RHB David Schweitzer 0-0: Ball
1-0: Ground out 5-3 (Groundball, 5, EV 91.9 MPH)
Batting: RHB Matt Thompson 0-0: Ball
1-0: Ball
2-0: Foul Ball, location: 2F
2-1: Foul Ball, location: 2F
2-2: Ball
3-2: Base on Balls
Batting: RHB Luis Roman 0-0: Foul Ball, location: 2F
0-1: Called Strike
0-2: Ball
1-2: DOUBLE (Line Drive, 89D, EV 110.0 MPH)
Matt Thompson to third
Batting: RHB Christian Blue 0-0: Called Strike
0-1: Foul Ball, location: 2F
0-2: Ball
1-2: Ball
2-2: Foul Ball, location: 2F
2-2: Foul Ball, location: 2F
2-2: Foul Ball, location: 2F
2-2: Fly out, F8 (Flyball, 8LD, EV 84.4 MPH)
Top of the 6th over - 2 runs, 3 hits, 0 errors, 2 left on base; Cleveland (APP) 6 - Great Falls 3
BOTTOM OF THE 6TH
Great Falls Voyagers batting - Pitching for Cleveland (APP) Indians : RHP Eugene Stott
Pitching: LHP Jordan Leon
Batting: LHB Jason Bell 0-0: Called Strike
0-1: Ball
1-1: Swinging Strike
1-2: Strikes out swinging
Batting: LHB Jose Duran 0-0: Ball
1-0: Ball
2-0: Ball
3-0: Called Strike
3-1: Base on Balls
Batting: RHB Mike Rosa 0-0: Ball
Passed Ball!
Jose Duran to second
1-0: Called Strike
1-1: SINGLE (Groundball, 6D, EV 101.9 MPH)
Jose Duran to third
Runner from 3rd tries for Home, throw by LF and OUT! 7-2
Batting: RHB Bill Williams 0-0: Ball
1-0: Called Strike
1-1: Ball
2-1: Ball
Passed Ball!
Mike Rosa to second
3-1: Ground out 1-3 (Groundball, 13, EV 71.9 MPH)
Bottom of the 6th over - 0 runs, 1 hit, 0 errors, 1 left on base; Cleveland (APP) 6 - Great Falls 3
TOP OF THE 7TH
Cleveland (APP) Indians batting - Pitching for Great Falls Voyagers : LHP Ray Sowers
Pitching: RHP Frank Gamez
Batting: LHB John Harring 0-0: Foul Ball, location: 2F
0-1: Foul Ball, location: 2F
0-2: Foul Ball, location: 2F
0-2: Foul Ball, location: 2F
0-2: Foul Ball, location: 2F
0-2: Ground out 4-3 (Groundball, 4, EV 83.1 MPH)
Pitching: RHP Dicky Goedhart
Batting: LHB Justin Rankin 0-0: Ball
1-0: Ball
2-0: Ball
3-0: Foul Ball, location: 2F
3-1: Called Strike
3-2: SINGLE (Line Drive, 56D, EV 95.6 MPH)
Batting: RHB Greg Harden 0-0: Called Strike
0-1: Ball
1-1: Ball
2-1: SINGLE (Groundball, 56D, EV 97.5 MPH)
Justin Rankin to second
Batting: RHB Jeremy Givens 0-0: Ball
1-0: Swinging Strike
1-1: Ball
2-1: Fly out, F8 (Flyball, 8LD, EV 90.0 MPH)
Batting: RHB Juan Gallardo 0-0: Ground out U3 (Groundball, 3, EV 90.6 MPH)
Top of the 7th over - 0 runs, 2 hits, 0 errors, 2 left on base; Cleveland (APP) 6 - Great Falls 3
BOTTOM OF THE 7TH
Great Falls Voyagers batting - Pitching for Cleveland (APP) Indians : LHP Jordan Leon
Pitching: LHP Alcander Magos
Batting: RHB Billy Grubbs 0-0: Ball
1-0: Ball
2-0: DOUBLE (Line Drive, 78M, EV 113.8 MPH)
Batting: RHB Armando Vazquez 0-0: Ball
Passed Ball!
Billy Grubbs to third
1-0: Swinging Strike
1-1: Ball
Passed Ball!
Billy Grubbs scores
2-1: Ball
3-1: Base on Balls
Batting: RHB Andy Cotton 0-0: Ball
Passed Ball!
Armando Vazquez to second
1-0: Swinging Strike
1-1: Reached on error, E5 (Groundball, 56, EV 101.2 MPH)
Armando Vazquez to third
Batting: RHB David Rhodes 0-0: Ball
Wild Pitch!
Armando Vazquez scores
Andy Cotton to second
1-0: Ball
Wild Pitch!
Andy Cotton to third
2-0: Foul Ball, location: 2F
2-1: Fly out, F7 (Flyball, 7LM, EV 81.2 MPH)
Pinch Hitting: RHB Danny Longoria 0-0: Ground out 4-3 (Groundball, 6, EV 80.0 MPH)
Batting: RHB Adan Lake 0-0: Foul Ball, location: 2F
0-1: Ball
1-1: Foul Ball, location: 2F
1-2: Foul Ball, location: 2F
1-2: Foul Ball, location: 2F
1-2: Ball
Passed Ball!
Andy Cotton scores
2-2: Ball
3-2: Base on Balls
Pitching: RHP Ken Shear
Batting: LHB Jose Duran 0-0: Ball
1-0: Swinging Strike
1-1: Foul Ball, location: 2F
1-2: Ball
Passed Ball!
Adan Lake to second
2-2: Fly out, F9 (Flyball, 9D, EV 91.2 MPH)
Bottom of the 7th over - 3 runs, 1 hit, 1 error, 1 left on base; Cleveland (APP) 6 - Great Falls 6
TOP OF THE 8TH
Cleveland (APP) Indians batting - Pitching for Great Falls Voyagers : RHP Dicky Goedhart
Pitching: LHP Fadeuka Aleev
Now in RF: Duncan Collins
Batting: RHB David Schweitzer 0-0: Ball
1-0: Ground out 5-3 (Groundball, 56, EV 91.9 MPH)
Batting: RHB Matt Thompson 0-0: Ball
1-0: Ball
2-0: Swinging Strike
2-1: Ball
3-1: Ground out 4-3 (Groundball, 4M, EV 88.8 MPH)
Batting: RHB Luis Roman 0-0: Foul Ball, location: 2F
0-1: Ground out 5-3 (Groundball, 56, EV 98.8 MPH)
Top of the 8th over - 0 runs, 0 hits, 0 errors, 0 left on base; Cleveland (APP) 6 - Great Falls 6
BOTTOM OF THE 8TH
Great Falls Voyagers batting - Pitching for Cleveland (APP) Indians : RHP Ken Shear
Batting: RHB Mike Rosa 0-0: Ball
1-0: Ball
2-0: Foul Ball, location: 2F
2-1: Ground out 6-3 (Groundball, 56, EV 101.9 MPH)
Pinch Hitting: SHB Alfie Bungledorf 0-0: Called Strike
0-1: SINGLE (Line Drive, 7S, EV 90.0 MPH)
Pinch Hitting: LHB Evan Oliveri 0-0: Ball
Alfie Bungledorf is caught stealing 2nd base 2-6
1-0: Ball
2-0: Called Strike
2-1: Foul Ball, location: 2F
2-2: Ball
3-2: Foul Ball, location: 2F
3-2: Foul Ball, location: 2F
3-2: Foul Ball, location: 2F
3-2: Strikes out swinging
Bottom of the 8th over - 0 runs, 1 hit, 0 errors, 0 left on base; Cleveland (APP) 6 - Great Falls 6
TOP OF THE 9TH
Cleveland (APP) Indians batting - Pitching for Great Falls Voyagers : LHP Fadeuka Aleev
Pitching: RHP Caleb Westbay
Now at C: Evan Oliveri
Now at 3B: Alfie Bungledorf
Batting: RHB Christian Blue 0-0: Ball
1-0: Ball
2-0: Swinging Strike
2-1: Swinging Strike
2-2: Strikes out swinging
Batting: LHB John Harring 0-0: Ground out 6-3 (Groundball, 6, EV 86.9 MPH)
Batting: LHB Justin Rankin 0-0: Ball
1-0: Swinging Strike
1-1: Foul Ball, location: 2F
1-2: Foul Ball, location: 2F
1-2: Ball
2-2: Hit by Pitch
Batting: RHB Greg Harden 0-0: Called Strike
0-1: Ball
1-1: Ball
2-1: Foul Ball, location: 2F
2-2: Ball
3-2: Foul Ball, location: 2F
3-2: Strikes out swinging
Top of the 9th over - 0 runs, 0 hits, 0 errors, 1 left on base; Cleveland (APP) 6 - Great Falls 6
BOTTOM OF THE 9TH
Great Falls Voyagers batting - Pitching for Cleveland (APP) Indians : RHP Ken Shear
Batting: RHB Armando Vazquez 0-0: Called Strike
0-1: Ball
1-1: Ball
2-1: Foul Ball, location: 2F
2-2: Ball
3-2: SOLO HOME RUN (Line Drive, 7D, EV 101.2 MPH), Distance : 393 ft
Bottom of the 9th over - 1 run, 1 hit, 0 errors, 0 left on base; Cleveland (APP) 6 - Great Falls 7
Game Over ... Great Falls defeats Cleveland (APP), 7 to 6
Wednesday, June 22nd , 2022 - OOTP Baseball 23.4 Build 64